 Dungeon Crawl Stone Soup version 0.23.1 (webtiles) character file.

Game seed: 0

4860 esteth the Geomancer (level 10, -1/56 HPs)
             Began as a Gargoyle Earth Elementalist on Mar 4, 2019.
             Was a Priest of Vehumet.
             Slain by an iguana (3 damage)
             ... on level 8 of the Dungeon.
             The game lasted 00:29:37 (9973 turns).

esteth the Geomancer (Gargoyle Earth Elementalist)  Turns: 9973, Time: 00:29:37

Health: -1/56      AC: 17    Str: 12    XL:     10   Next: 50%
Magic:  10/22      EV:  9    Int: 19    God:    Vehumet [***...]
Gold:   455        SH:  0    Dex: 10    Spells: 16/25 levels left

rFire    . . .     SeeInvis .   C - +2 flail (protect)
rCold    . . .     Gourm    .   (no shield)
rNeg     + . .     Faith    .   q - +0 scale mail
rPois    ∞         Spirit   .   k - +0 helmet
rElec    +         Reflect  .   (no cloak)
rCorr    .         Harm     .   f - +0 pair of gloves
MR       .....                  v - +0 pair of boots (curse)
Stlth    ..........             (no amulet)
HPRegen  0.18/turn              (no ring)
MPRegen  0.18/turn              (no ring)

@: no status effects
A: negative energy resistance 1, electricity resistance, unbreathing,
petrification resistance, rot immunity, AC +7
a: Renounce Religion


You were on level 8 of the Dungeon.
You worshipped Vehumet.
Vehumet was most pleased with you.
You were very hungry.

You visited 1 branch of the dungeon, and saw 11 of its levels.

You collected 455 gold pieces.

Inventory:

Hand Weapons
 C - a +2 flail of protection (weapon)
Missiles
 b - 68 stones (quivered)
Armour
 c - a +0 robe
 f - a +0 pair of gloves (worn)
 k - a +0 helmet (worn)
 m - a +0 ring mail
 q - a +0 scale mail (worn)
 v - a cursed +0 pair of boots (worn)
 y - a +0 plate armour
Jewellery
 l - an uncursed ring of fire
Wands
 w - a wand of paralysis (29)
 F - a wand of flame (10)
Scrolls
 e - 5 scrolls of teleportation
 g - 2 scrolls of immolation {unknown}
 i - 8 scrolls of identify
 j - 2 scrolls of remove curse {unknown}
 n - a scroll of fear {unknown}
 p - 2 scrolls of fog {unknown}
 r - 3 scrolls of magic mapping {unknown}
 t - a scroll of random uselessness {unknown}
 u - 2 scrolls of enchant armour {unknown}
 x - 2 scrolls of noise {unknown}
 D - a scroll of amnesia {unknown}
 E - 3 scrolls of enchant weapon {unknown}
 G - a scroll of holy word {unknown}
Potions
 a - 2 potions of curing
 o - 2 potions of haste {unknown}
 s - a potion of agility {unknown}
 z - a potion of flight {unknown}
 A - a potion of mutation {unknown}
 B - a potion of lignification {unknown}
Comestibles
 d - 13 rations
 H - 4 chunks of flesh


   Skills:
 + Level 4.0 Fighting
 + Level 2.4 Maces & Flails
 + Level 2.5 Armour
 + Level 2.6 Dodging
 - Level 2.1 Stealth
 + Level 8.3 Spellcasting
   Level 0.7 Transmutations
 + Level 12.5 Earth Magic
 + Level 2.2 Evocations


You had 16 spell levels left.
You knew the following spells:

 Your Spells              Type           Power        Failure   Level  Hunger
a - Sandblast             Erth           ######       1%          1    None
b - Lee's Rapid Deconstr  Erth           ######....   1%          5    #####..
c - Stone Arrow           Conj/Erth      ####..       2%          3    None

Your spell library contained the following spells:

 Spells                   Type           Power        Failure   Level  Hunger
 Airstrike                Air            #.........   69%         4    ###....
 Passwall                 Tmut/Erth      ####....     4%          2    None
 Petrify                  Tmut/Erth      ####....     28%         4    ###....
 Summon Small Mammal      Summ           #...         41%         1    None
 Call Imp                 Summ           #.......     54%         2    None
 Ensorcelled Hibernation  Hex/Ice        #.....       54%         2    None
 Throw Icicle             Conj/Ice       #.......     69%         4    ###....
 Call Canine Familiar     Summ           #.......     78%         3    None
 Ozocubu's Armour         Chrm/Ice       #.......     78%         3    None
 Summon Guardian Golem    Hex/Summ       #.......     78%         3    None
 Summon Ice Beast         Ice/Summ       #.......     99%         4    ###....
 Summon Lightning Spire   Summ/Air       #.......     99%         4    ###....
 Summon Forest            Summ/Tloc      #.........   100%        5    #####..


Dungeon Overview and Level Annotations

Branches:
Dungeon (11/15)            Temple (0/1) D:7            Lair (0/6) D:11
    Orc: D:9-12

Altars:
Elyvilon
Gozag
Nemelex Xobeh
Okawaru
Ru
Sif Muna
Trog
Vehumet
Wu Jian
Zin

Annotations:
D:3 Ijyb, Terence
D:6 1 runed translucent door
D:7 1 runed translucent door, Crazy Yiuf


Innate Abilities, Weirdness & Mutations

You are resistant to torment.
Your stone body is resilient. (AC +7)
You are immune to poison.
You resist negative energy. (rN+)
You are resistant to electric shocks. (rElec)
You can survive without breathing.
You are immune to petrification.
You are immune to rotting.


Message History

The blast of rock fragments hits the orc warrior!
The orc warrior is heavily wounded.
You hear an angry hiss.
The orc warrior hits you with a +0 hand axe.
An iguana comes into view.
The wight hits you but does no damage.
The orc warrior hits you but does no damage.
The wight hits you from afar with a cursed +3 spear.
The orc warrior hits you with a +0 hand axe!
* * * LOW HITPOINT WARNING * * *
Things that are here:
a +0 scale mail; a +2 trident of protection The iguana bites you!
* * * LOW HITPOINT WARNING * * *
It was a potion of curing.
You feel better. The iguana bites you.
* * * LOW HITPOINT WARNING * * *
The wight hits you but does no damage.
The orc warrior hits you but does no damage.
The iguana bites you.
You die...

.... ... #..... ... #.....##.###
#....#....# ##.........#
#..........# ##.........#
...........# #......@##.# #
.#####.. #......loz### #.
...##..####......zo..###.######
#......##....#####....##......#
.......##...## ##..)..####....#
.............###..)##..##....####
.#.......##....÷[.)##.##..#......
##.......##....†##........#......
##...o..O.#....####).....)......#


You could see an orc warrior, an iguana, 2 wights and an orc.

Vanquished Creatures
  A centaur zombie (D:10)
  A hippogriff (D:7)
  A wyvern (D:8)
  Menkaure (D:7)
  A water moccasin (D:10)
  An orc warrior (D:6)
  2 sky beasts
  An eye of draining (D:10)
  4 ogres
  3 phantoms
  3 centaurs (D:6)
  3 crocodiles (D:7)
  7 bullfrogs
  2 gnoll sergeants
  4 scorpions
  3 killer bees (D:8)
  3 wights (D:8)
  5 howler monkeys (D:7)
  3 crimson imps
  A bullfrog zombie (D:6)
  3 hounds
  4 orc priests
  2 centaur skeletons (D:7)
  A jelly (D:5)
  9 orc wizards
  2 iguanas
  6 worker ants
  12 gnolls
  16 adders
  A shadow imp (D:9)
  2 oozes
  3 worms
  2 dart slugs (D:1)
  10 leopard geckos
  57 orcs
  4 bats
  5 giant cockroaches
  4 goblins
  8 hobgoblins
  2 jackals (D:2)
  7 quokkas
  5 frilled lizards
  A jackal skeleton (D:4)
  A jackal zombie (D:1)
  3 kobolds
  A quokka zombie (D:1)
  3 rats
224 creatures vanquished.

Vanquished Creatures (others)
  A quokka (D:2)
1 creature vanquished.

Grand Total: 225 creatures vanquished

Notes
Turn   | Place    | Note
-------+----------+-------------------------------------------
     0 | D:1      | esteth the Gargoyle Earth Elementalist began the quest for
                  | the Orb.
     0 | D:1      | Reached XP level 1. HP: 10/10 MP: 3/3
   120 | D:1      | Reached skill level 4 in Earth Magic
   333 | D:1      | Reached XP level 2. HP: 15/15 MP: 3/5
  1329 | D:2      | Reached XP level 3. HP: 19/19 MP: 4/6
  1402 | D:2      | Reached skill level 5 in Earth Magic
  1812 | D:2      | Reached XP level 4. HP: 14/24 MP: 3/7
  1992 | D:2      | Found a white marble altar of Elyvilon.
  2479 | D:2      | Reached skill level 6 in Earth Magic
  3195 | D:3      | Reached XP level 5. HP: 5/28 MP: 0/8
  3470 | D:3      | Noticed Terence
  3495 | D:3      | Noticed Ijyb
  3689 | D:4      | Noticed an ogre
  3692 | D:4      | Killed an ogre
  3692 | D:4      | Reached skill level 7 in Earth Magic
  3692 | D:4      | Reached XP level 6. HP: 32/32 MP: 6/10
  3730 | D:4      | Found a sparkling altar of Nemelex Xobeh.
  3962 | D:4      | Found a bloodstained altar of Trog.
  4687 | D:4      | Reached skill level 8 in Earth Magic
  4713 | D:4      | Reached XP level 7. HP: 16/36 MP: 9/12
  4887 | D:4      | Found an opulent altar of Gozag.
  5122 | D:5      | Entered Level 5 of the Dungeon
  5122 | D:5      | Found a radiant altar of Vehumet.
  5171 | D:5      | Became a worshipper of Vehumet
  5292 | D:5      | Reached skill level 1 in Fighting
  5546 | D:5      | Reached skill level 9 in Earth Magic
  5823 | D:5      | Found a sacrificial altar of Ru.
  5972 | D:5      | Found an iron altar of Okawaru.
  5998 | D:5      | Found an ornate altar of the Wu Jian Council.
  6024 | D:5      | Reached XP level 8. HP: 34/45 MP: 14/14
  6280 | D:6      | Found a glowing silver altar of Zin.
  6464 | D:6      | Reached * piety under Vehumet
  6464 | D:6      | Offered knowledge of Shock by Vehumet.
  6469 | D:6      | Reached skill level 5 in Spellcasting
  6481 | D:6      | Found a runed translucent door.
  6732 | D:6      | Reached skill level 10 in Earth Magic
  7166 | D:6      | Found a white marble altar of Elyvilon.
  7166 | D:6      | Noticed an angel
  7506 | D:6      | Reached XP level 9. HP: 46/49 MP: 16/18
  7515 | D:6      | Learned a level 5 spell: Lee's Rapid Deconstruction
  7770 | D:6      | Reached skill level 11 in Earth Magic
  7936 | D:6      | Learned a level 3 spell: Stone Arrow
  8096 | D:7      | Found a staircase to the Ecumenical Temple.
  8284 | D:7      | Reached ** piety under Vehumet
  8325 | D:7      | Offered knowledge of Flame Tongue by Vehumet.
  8673 | D:7      | Reached skill level 12 in Earth Magic
  8761 | D:7      | Noticed Menkaure
  8763 | D:7      | Killed Menkaure
  8889 | D:7      | Found a deep blue altar of Sif Muna.
  9039 | D:7      | Reached skill level 1 in Armour
  9066 | D:7      | Reached XP level 10. HP: 32/56 MP: 22/22
  9236 | D:7      | Found a runed translucent door.
  9237 | D:7      | Noticed Crazy Yiuf
  9410 | D:8      | Offered knowledge of Dazzling Spray by Vehumet.
  9410 | D:8      | Reached skill level 1 in Evocations
  9411 | D:8      | Reached skill level 1 in Maces & Flails
  9448 | D:8      | You fall through a shaft for 2 floors!
  9448 | D:10     | Entered Level 10 of the Dungeon
  9499 | D:11     | Found a staircase to the Lair.
  9826 | D:9      | Identified Efiageal's Incunabulum of the Creative
                  | Snowflakes
  9933 | D:8      | Reached *** piety under Vehumet
  9967 | D:8      | Offered knowledge of Airstrike by Vehumet.
  9971 | D:8      | HP: 2/56 [iguana (9)]
  9973 | D:8      | Slain by an iguana

Skill      XL: |  1  2  3  4  5  6  7  8  9 10 |
---------------+-------------------------------+-----
Earth Magic    | 4 5 6 7 8 9 10 12 | 12.5
Spellcasting   | 3 4 6 8 |  8.3
Fighting       | 2 3 4 |  4.0
Armour         | 1 2 |  2.5
Evocations     | 2 |  2.2
Maces & Flails | 2 |  2.4
Dodging        | 2 |  2.6
Stealth        | |  2.1
Transmutations | |  0.7

Action                   |  1- 3 |  4- 6 |  7- 9 | 10-12 || total
-------------------------+-------+-------+-------+-------++-------
Melee: Unarmed           |    50 |       |       |       ||    50
       Dagger            |     6 |       |       |       ||     6
       Club              |    51 |   227 |       |       ||   278
       Flail             |       |    81 |   500 |    51 ||   632
 Cast: Sandblast         |    18 |    41 |    68 |    40 ||   167
       Stone Arrow       |       |       |    11 |       ||    11
       Lee's Rapid Decon |       |       |     2 |     6 ||     8
  Use: Potion            |     3 |       |       |     2 ||     5
       Scroll            |       |     2 |       |       ||     2
 Stab: Sleeping          |     2 |       |       |       ||     2
  Eat: Chunk             |     3 |    11 |    16 |     3 ||    33
Armor: Robe              |    42 |       |       |       ||    42
       Ring mail         |       |    46 |       |       ||    46
       Scale mail        |       |   251 |   464 |   108 ||   823
Dodge: Dodged            |    82 |   218 |   331 |    60 ||   691
